Map: Ulrena

Players

ChaosJammer - Winner!

  • Race: Zerg Zerg

Naga

  • Race: Protoss Protoss
  • League: Gold

VOD

Have the link to the VOD?

Description

Time

  • Played on: March 3, 2016, 6:48 p.m.
  • Length: 12:05
Show
View Real Time Build Order
Export as new Build Order

ChaosJammer Zerg - Winner!

Build Orders: Hatch First 

Get SALT Encoding   

  12  0:01  Drone  
  13  0:12  Overlord  
  13  0:19  Drone  
  14  0:43  Hatchery  
  14  0:48  Drone  
  14  0:50  Drone  
  14  0:54  Drone  
  16  1:12  Spawning Pool  
  16  1:13  Drone  
  16  1:20  Extractor  
  16  1:22  Drone  
  16  1:23  Drone  
  17  1:33  Overlord  
  17  1:44  Drone  
  18  2:00  Zergling x2  
  20  2:02  Queen  
  20  2:04  Hatchery  
  20  2:05  Zergling x2  
  22  2:23  Metabolic Boost  
  22  2:24  Roach Warren  
  21  2:49  Drone x3  
  21  2:51  Queen  
  26  3:04  Roach  
  28  3:11  Roach  
  30  3:20  Queen  
  30  3:21  Overlord  
  30  3:24  Drone x3  
  30  3:25  Drone  
  35  3:54  Drone  
  35  3:55  Drone x4  
  39  4:10  Hatchery, Drone x3  
  41  4:25  Lair  
  41  4:27  Evolution Chamber  
  41  4:29  Extractor  
  41  4:30  Drone x3  
  42  4:31  Overlord  
  42  4:32  Drone  
  43  4:52  Drone x5  
  48  4:53  Drone  
  49  5:05  Overlord x3  
  49  5:10  Zerg Missile Weapons Level 1  
  49  5:16  Extractor  
  48  5:28  Drone x8  
  56  5:42  Drone x4  
  60  5:44  Roach x3  
  66  5:52  Drone x2  
  68  6:03  Roach x3  
  74  6:09  Overlord x4  
  74  6:20  Drone, Evolution Chamber  
  74  6:22  Hydralisk Den  
  74  6:23  Drone  
  74  6:36  Roach  
  74  6:37  Roach x10  
  74  6:39  Glial Reconstitution  
  96  6:43  Overlord  
  96  6:44  Overlord  
  96  6:48  Overseer x2  
  88  7:15  Overseer  
  88  7:17  Overseer  
  88  7:19  Spine Crawler, Overseer  
  88  7:22  Spine Crawler, Spore Crawler  
  85  7:23  Hydralisk x3  
  85  7:24  Hydralisk x2  
  85  7:27  Zergling x10  
  100  7:33  Extractor  
  100  7:34  Drone x3  
  100  7:36  Drone x2  
  104  7:40  Ravager x2  
  106  7:45  Drone x2  
  106  7:49  Drone  
  109  8:00  Queen  
  109  8:11  Ravager  
  109  8:12  Ravager x2  
  112  8:13  Ravager  
  112  8:14  Zergling x2  
  112  8:15  Zergling x16  
  122  8:40  Hatchery  
  121  8:42  Overlord  
  121  8:43  Overlord x3  
  121  8:44  Drone  
  121  8:46  Muscular Augments  
  121  8:47  Zerg Ground Armor Level 1, Extractor  
  121  8:55  Overlord x2  
  121  9:10  Spine Crawler  
  121  9:12  Drone x5  
  121  9:15  Drone x3  
  121  9:16  Drone x2  
  131  9:17  Drone  
  131  9:21  Roach x8  
  133  9:47  Hydralisk x8  
  147  10:04  Ravager  
  147  10:05  Ravager x3  
  151  10:09  Ravager  
  151  10:10  Overlord  
  151  10:11  Overlord x4  
  152  10:17  Drone, Extractor  
  152  10:18  Drone x2  
  152  10:19  Drone x2  
  156  10:24  Drone x9  
  165  10:44  Ravager, Hydralisk  
  165  10:45  Hydralisk x5  
  178  11:04  Spine Crawler  
  178  11:05  Spine Crawler  
  178  11:06  Spine Crawler  
  178  11:07  Spine Crawler  
  125  11:22  Roach x21  
  162  11:35  Hydralisk x5  
  162  11:37  Zergling x2  
  162  11:38  Zergling x2  
  174  11:45  Infestation Pit  
Show
View Real Time Build Order
Export as new Build Order

Naga Protoss 

Build Orders: Cannon Rush 

Get SALT Encoding   

  12  0:01  Probe (Chrono Boost)  
  13  0:11  Probe (Chrono Boost)  
  14  0:20  Pylon  
  14  0:24  Probe (Chrono Boost)  
  15  0:38  Probe (Chrono Boost)  
  15  0:42  Forge  
  16  0:49  Probe (Chrono Boost)  
  17  1:01  Gateway  
  17  1:04  Probe (Chrono Boost)  
  18  1:11  Pylon  
  18  1:33  Photon Cannon  
  18  1:35  Photon Cannon  
  18  1:45  Photon Cannon  
  18  1:48  Zealot (Chrono Boost)  
  20  1:56  Assimilator  
  20  2:00  Assimilator  
  20  2:18  Zealot (Chrono Boost)  
  20  2:21  Probe  
  23  2:28  Pylon  
  23  2:33  Probe  
  23  2:54  Probe  
  24  3:04  Cybernetics Core  
  24  3:06  Nexus  
  24  3:14  Pylon  
  24  3:16  Zealot (Chrono Boost)  
  27  3:20  Probe (Chrono Boost)  
  27  3:30  Probe (Chrono Boost)  
  28  3:41  Probe (Chrono Boost)  
  29  3:50  Gateway  
  29  3:55  Pylon  
  29  4:03  Warp Gate (Chrono Boost)  
  29  4:05  Sentry  
  29  4:06  Twilight Council  
  31  4:15  Photon Cannon  
  31  4:20  Photon Cannon  
  31  4:24  Probe  
  31  4:29  Probe  
  35  4:31  Sentry  
  35  4:35  Probe  
  36  4:41  Mothership Core  
  38  4:46  Probe  
  39  4:57  Stalker  
  41  5:11  Dark Shrine  
  41  5:13  Probe  
  41  5:17  Probe  
  43  5:24  Probe  
  43  5:25  Gateway  
  43  5:27  Assimilator  
  44  5:29  Probe, Phoenix  
  44  5:34  Probe  
  45  5:41  Probe  
  47  5:45  Probe  
  47  5:49  Pylon  
  48  5:53  Probe  
  48  5:55  Probe  
  50  6:17  Photon Cannon  
  50  6:18  Pylon  
  50  6:19  Pylon  
  50  6:27  Dark Templar x2  
  50  6:32  Dark Templar  
  56  6:39  Robotics Facility  
  49  7:08  Stalker  
  49  7:09  Stalker x2  
  49  7:12  Probe x2  
  57  7:16  Assimilator  
  57  7:23  Probe  
  57  7:24  Probe  
  59  7:30  Pylon  
  59  7:31  Pylon  
  59  7:33  Dark Templar  
  59  7:34  Nexus  
  61  8:00  Robotics Bay  
  61  8:05  Robotics Facility  
  59  8:13  Assimilator  
  59  8:17  Assimilator  
  59  8:19  Pylon  
  59  8:21  Pylon  
  59  8:24  Stalker  
  59  8:25  Stalker x2  
  59  8:26  Probe  
  65  8:28  Probe  
  67  8:37  Probe  
  67  8:40  Probe  
  69  8:43  Pylon  
  69  8:48  Probe  
  69  8:52  Probe  
  69  8:54  Pylon  
  69  8:55  Extended Thermal Lance (Chrono Boost)  
  71  8:58  Colossus (Chrono Boost)  
  71  9:00  Probe  
  71  9:01  Probe  
  79  9:12  Probe  
  80  9:22  Gateway x2, Pylon  
  80  9:23  Probe  
  80  9:25  Gateway  
  80  9:27  Gateway  
  80  9:29  Gateway  
  81  9:32  Gateway  
  74  9:48  Colossus (Chrono Boost)  
  74  9:50  Stalker  
  74  9:51  Stalker x2  
  79  10:09  Colossus (Chrono Boost)  
  85  10:18  Stalker  
  87  10:31  Colossus (Chrono Boost)  
  93  10:44  Pylon  
  93  10:45  Pylon  
  93  10:47  Stalker  
  95  10:59  Colossus  
  83  11:23  Stalker x2  
  83  11:24  Stalker x4  
  95  11:35  Stalker x2  
Tags
 
Add a new tag
Caveats
  • Supply blocks, unpowered buildings, or Contaminate may cause inaccurate times.
  • Supply counts are checked every 10 seconds.